 Dungeon Crawl Stone Soup version 0.30-a0-177-g1cb5dbfd7a (webtiles) character file.

Game seed: 2944285281827485519

3 xian the Trooper (level 1, -17/24 HPs)
             Began as an Ogre Delver on Oct 2, 2022.
             Demolished by an ogre
             ... wielding a +0 giant spiked club
              (20 damage)
             ... on level 4 of the Dungeon.
             The game lasted 00:00:35 (124 turns).

xian the Trooper (Ogre Delver)                       Turns: 124, Time: 00:00:36

Health: -17/24     AC:  3    Str: 15    XL:     1   Next: 50%
Magic:  1/1        EV:  9    Int: 11    God:
Gold:   20         SH:  0    Dex: 10    Spells: 0/0 levels left

rFire   . . .      SeeInvis .    a - +0 hand axe
rCold   . . .      Faith    .    (no shield)
rNeg    . . .      Spirit   .    b - +0 robe
rPois   .          Reflect  .    (helmet restricted)
rElec   .          Harm     .    (no cloak)
rCorr   .          Rampage  .    (gloves unavailable)
Will    .....                    (boots unavailable)
Stlth   ++........               (no amulet)
HPRegen 0.24/turn                (no ring)
MPRegen 0.07/turn                (no ring)

@: no status effects
A: large, unfitting armour, tough skin 1
a: no special abilities


You were on level 4 of the Dungeon.
You visited 1 branch of the dungeon, and saw 2 of its levels.

You collected 20 gold pieces.

Inventory:

Hand Weapons
 a - a +0 hand axe (weapon)
Armour
 b - a +0 robe (worn)
Wands
 g - a wand of digging (3)
Scrolls
 c - a scroll of fog
 d - a scroll of magic mapping
 e - a scroll of fear
Potions
 f - a potion of haste


   Skills:
 + Level 4.0 Fighting
 + Level 2.0 Axes
 + Level 1.7 Dodging
 + Level 3.8 Stealth


You couldn't memorise any spells.
You didn't know any spells.
Your spell library was empty.

Dungeon Overview and Level Annotations

Branches:
Dungeon (5/15)
 Temple: D:4-7

Altars:


Innate Abilities, Weirdness & Mutations

You are too large for most types of armour.
You have tough skin. (AC +1)


Message History

The kobold hits you with a +1 vampiric whip.
* * * LOW HITPOINT WARNING * * *
You hit the kobold.
You kill the kobold!
Things that are here:
a +1 vampiric whip; a kobold corpse
Found 6 stones.
You start resting.
An orc comes into view. It is wielding a +0 short sword.
Things that are here:
a +1 vampiric whip; a kobold corpse
h - a +1 vampiric whip You drop a +1 vampiric whip.
An orc is nearby!
The orc shouts!
You hear a shout!
The orc completely misses you.
You completely miss the orc. The orc barely misses you.
The orc hits you with a +0 short sword.
You barely miss the orc. The orc hits you with a +0 short sword.
You hit the orc but do no damage. The orc hits you with a +0 short sword.
* * * LOW HITPOINT WARNING * * *
You hit the orc.
The orc is heavily wounded.
The orc barely misses you.
You hit the orc.
The orc is severely wounded.
The orc hits you with a +0 short sword.
* * * LOW HITPOINT WARNING * * *
An ogre comes into view. It is wielding a +0 giant spiked club.
The ogre shouts!
You hit the orc.
You kill the orc!
The ogre barely misses you.
You hit the ogre.
The ogre is lightly wounded.
You hit the ogre but do no damage.
The ogre is lightly wounded.
The ogre hits you with a +0 giant spiked club!!
Ouch! That really hurt!
You die...

o. #( ###
.. #.. .
#.# #. #.#
#.####.#
#.O@.#.####
#....)>...#
#.........#
#.........#
#.........#
###########


You could see an ogre.

Vanquished Creatures
  An orc (D:4)
  A kobold (D:4)
2 creatures vanquished.

Notes
Turn   | Place    | Note
-------+----------+-------------------------------------------
     0 | D:5      | xian the Ogre Delver began the quest for the Orb.
     0 | D:5      | Reached XP level 1. HP: 24/24 MP: 1/1
    73 | D:5      | Noticed a kobold brigand
    77 | D:5      | Noticed an iguana
   121 | D:4      | Noticed an ogre
   124 | D:4      | Demolished by an ogre

Illustrated notes

Levels and vault maps discovered:
D:4:      layout_rooms, nemelex_altar_shiori,
          minmay_temple_entry_statues_pillars, ebering_ghost_gozag,
          minmay_vboxes
D:5:      layout_cave_pools, kennysheep_nondescript, minmay_hedge_maze

Action                   || total
-------------------------++-------
Melee: Hand axe          ||    13
Dodge: Dodged            ||    13

Table legend: (Time is in decaauts)
 A = Elapsed time spent in this place.
 B = Non-inter-level travel time spent in this place.
 C = Inter-level travel time spent in this place.
 D = Time resting spent in this place.
 E = Time spent auto-exploring this place.
 F = Levels seen in this place.
 G = Mean time per level.
                   A        B        C        D        E       F      G
               +--------+--------+--------+--------+--------+-----+--------+
         Total |    126 |    126 |      0 |      5 |     61 |   2 |   63.0 |
       Dungeon |    126 |    126 |      0 |      5 |     61 |   2 |   63.0 |
               +--------+--------+--------+--------+--------+-----+--------+

Top non-repeatable levels by time:
     D:5: 92 daAuts
     D:4: 34 daAuts
